 Dungeon Crawl Stone Soup version 0.28.0-47-ge53b351184 (webtiles) character file.

Game seed: 4026863469748934237

2244 Allula97 the Ruffian (level 9, -1/68 HPs)
             Began as a Demonspawn Fighter on May 5, 2022.
             Slain by a yak (6 damage)
             ... on level 6 of the Dungeon.
             The game lasted 00:11:15 (5062 turns).

Allula97 the Ruffian (Demonspawn Fighter)           Turns: 5062, Time: 00:11:16

Health: -1/68      AC: 17    Str: 19      XL:     9   Next: 14%
Magic:  11/11      EV:  7    Int:  9      God:
Gold:   315        SH:  0    Dex: 16 (17) Spells: 11/11 levels left

rFire   + . .      SeeInvis .     - Unarmed
rCold   . . .      Faith    .   (no shield)
rNeg    . . .      Spirit   .   e - +1 plate armour
rPois   .          Reflect  .   (helmet restricted)
rElec   .          Harm     .   (no cloak)
rCorr   .          Rampage  .   (no gloves)
Will    .....                   (no boots)
Stlth   ..........              (no amulet)
HPRegen 0.21/turn               b - ring of protection from fire
MPRegen 0.24/turn               c - +4 ring of protection

@: no status effects
A: hooves 1, horns 2, magic regeneration, demonic magic 1, demonic touch 1,
agile 1, deterioration 1
a: no special abilities


You were on level 6 of the Dungeon.
You visited 1 branch of the dungeon, and saw 6 of its levels.

You collected 315 gold pieces.

Inventory:

Hand Weapons
 a - a +1 long sword
Armour
 e - a +1 plate armour (worn)
Jewellery
 b - a ring of protection from fire (left hand)
 c - a +4 ring of protection (right hand)
 m - a ring of magical power
Wands
 j - a wand of mindburst (8)
Scrolls
 i - 2 scrolls of blinking
 l - a scroll of immolation
Potions
 d - 2 potions of degeneration
 g - 4 potions of curing
 h - a potion of berserk rage
 k - a potion of flight


   Skills:
 * Level 5.2 Fighting
 - Level 1.8 Long Blades
 * Level 5.9 Armour
 * Level 2.8 Dodging
 + Level 1.0 Stealth
 - Level 2.9 Shields
 * Level 7.9 Unarmed Combat
 * Level 1.6 Spellcasting


You had 11 spell levels left.
You didn't know any spells.
Your spell library was empty.

Dungeon Overview and Level Annotations

Branches:
Dungeon (6/15)
 Temple: D:4-7

Altars:
Trog

Shops:
D:4 (


Innate Abilities, Weirdness & Mutations

You have large cloven feet.
You have a pair of horns on your head.
You regenerate magic rapidly.
Spells you cast may paralyse adjacent enemies.
Your touch may inflict minor irresistible damage on your foes.
You are agile. (Dex +2)
Your body sometimes deteriorates upon taking damage.


Message History

The yak gores you.
You hit the yak. You kick the yak. Your touch misses the yak.
The yak is heavily wounded.
The yak barely misses you. The yak gores you.
* * * LOW HITPOINT WARNING * * *
You barely miss the yak. Your touch misses the yak.
The yak barely misses you. x2
You barely miss the yak. You headbutt the yak, but do no damage.
You touch the yak.
The yak is severely wounded.
The yak gores you but does no damage. The yak gores you!
* * * LOW HITPOINT WARNING * * *
You punch the yak! You headbutt the yak.
The yak is almost dead.
The yak gores you but does no damage. The yak gores you.
* * * LOW HITPOINT WARNING * * *
You hit the yak but do no damage.
The yak is almost dead.
The yak gores you.
* * * LOW HITPOINT WARNING * * *
The yak gores you but does no damage.
You punch the yak!
You kill the yak!
You punch the yak!
The yak is lightly wounded.
The yak gores you but does no damage.
You punch the yak! Your kick misses the yak.
You headbutt the yak, but do no damage.
You touch the yak.
The yak is heavily wounded.
The yak barely misses you.
You hit the yak. You headbutt the yak!
You touch the yak.
Your punch misses the yak.
The yak is almost dead.
The yak gores you but does no damage.
You hit the yak but do no damage. You kick the yak. Your punch misses the yak.
The yak is almost dead.
The yak gores you but does no damage.
You hit the yak. Your kick misses the yak.
The yak is almost dead.
The yak gores you.
You die...

.............######
#...##...###..########
#### ##..####.......>.
#................
#.######..####### #..#
##.# ##.# #.##
#.######.Y#####
#.......#.@...#
##........####.#
#..........#
#.......<..#
#..........#
#..........#
#..........#
##........####
#............#


You could see a yak.

Vanquished Creatures
  4 yaks (D:6)
  Duvessa (D:5)
  An orc warrior (D:5)
  An ice beast (D:5)
  A necrophage (D:5)
  A black bear (D:5)
  2 scorpions
  A bullfrog (D:4)
  2 water moccasin zombies (D:5)
  Dowan (D:5)
  2 water moccasin skeletons (D:5)
  A bullfrog zombie (D:3)
  A centaur zombie (D:4)
  A jelly (D:5)
  A hound (D:3)
  2 orc priests (D:5)
  A bullfrog skeleton (D:5)
  4 iguanas
  2 orc wizards (D:5)
  3 hound zombies (D:5)
  6 gnolls
  A howler monkey skeleton (D:5)
  16 adders
  A shadow imp (D:5)
  An ufetubus (D:5)
  An adder skeleton (D:5)
  5 worms
  2 dart slugs
  14 orcs
  3 ball pythons
  8 endoplasms
  3 giant cockroaches
  5 hobgoblins
  3 jackals
  5 kobolds
  5 quokkas
  4 bats
  15 frilled lizards
  8 goblins
  12 rats
151 creatures vanquished.

Vanquished Creatures (others)
  4 plants (D:4)
4 creatures vanquished.

Grand Total: 155 creatures vanquished

Notes
Turn   | Place    | Note
-------+----------+-------------------------------------------
     0 | D:1      | Allula97 the Demonspawn Fighter began the quest for the
                  | Orb.
     0 | D:1      | Reached XP level 1. HP: 18/18 MP: 1/1
   226 | D:1      | Discovered your monstrous ancestry.
   226 | D:1      | Gained mutation: You have a pair of small horns on your
                  | head. [demonic ancestry]
   226 | D:1      | Reached XP level 2. HP: 23/24 MP: 2/2
   867 | D:1      | Gained mutation: You have large cloven feet. [demonic
                  | ancestry]
   867 | D:1      | Reached XP level 3. HP: 28/29 MP: 3/3
  1158 | D:2      | Reached skill level 1 in Unarmed Combat
  1211 | D:2      | Gained mutation: You regenerate magic rapidly. [demonic
                  | ancestry]
  1211 | D:2      | Reached XP level 4. HP: 29/37 MP: 4/4
  1415 | D:2      | Reached skill level 2 in Unarmed Combat
  1905 | D:3      | Gained mutation: You have a pair of horns on your head.
                  | [demonic ancestry]
  1905 | D:3      | Reached XP level 5. HP: 39/42 MP: 5/5
  2097 | D:3      | Reached skill level 1 in Stealth
  2175 | D:3      | Reached skill level 3 in Unarmed Combat
  2588 | D:3      | Gained mutation: Your touch may inflict minor irresistible
                  | damage on your foes. [demonic ancestry]
  2588 | D:3      | Reached XP level 6. HP: 37/48 MP: 6/6
  2722 | D:4      | Found Faakkaas's Antique Weapon Shop.
  3081 | D:4      | Reached skill level 1 in Dodging
  3081 | D:4      | Reached skill level 4 in Unarmed Combat
  3210 | D:4      | Reached XP level 7. HP: 44/54 MP: 7/7
  3543 | D:5      | Entered Level 5 of the Dungeon
  3624 | D:5      | Found a bloodstained altar of Trog.
  3856 | D:5      | Reached skill level 5 in Unarmed Combat
  4240 | D:5      | Gained mutation: Spells you cast may paralyse adjacent
                  | enemies. [demonic ancestry]
  4240 | D:5      | Reached XP level 8. HP: 52/61 MP: 8/8
  4300 | D:5      | Reached skill level 5 in Armour
  4367 | D:5      | Reached skill level 6 in Unarmed Combat
  4387 | D:5      | Noticed Duvessa
  4395 | D:5      | Noticed Dowan
  4397 | D:5      | Killed Duvessa
  4402 | D:5      | Killed Dowan
  4747 | D:5      | Reached skill level 5 in Fighting
  4747 | D:5      | Reached skill level 7 in Unarmed Combat
  4749 | D:5      | Reached skill level 1 in Spellcasting
  5018 | D:6      | Gained mutation: Potions are less effective at restoring
                  | your health. [potion of mutation]
  5018 | D:6      | Gained mutation: You are clumsy. (Dex -2) [potion of
                  | mutation]
  5018 | D:6      | Gained mutation: You have very sharp teeth. [potion of
                  | mutation]
  5019 | D:6      | Lost mutation: You have very sharp teeth. [potion of
                  | mutation]
  5019 | D:6      | Lost mutation: Potions are less effective at restoring your
                  | health. [potion of mutation]
  5019 | D:6      | Lost mutation: You are clumsy. (Dex -2) [potion of
                  | mutation]
  5019 | D:6      | Gained mutation: Your body sometimes deteriorates upon
                  | taking damage. [potion of mutation]
  5019 | D:6      | Gained mutation: You are agile. (Dex +2) [potion of
                  | mutation]
  5045 | D:6      | Reached XP level 9. HP: 48/68 MP: 9/11
  5062 | D:6      | Slain by a yak

Illustrated notes

Levels and vault maps discovered:
D:1:      lightli_arrival_chessboard, layout_rooms, grunt_decor_resistance
D:2:      layout_rooms, minmay_misc_feat_pillars
D:3:      layout_loops_ring, kennysheep_generic_room_3
D:4:      layout_loops_ring, serial_shops, shop, minmay_lizard_king
D:5:      cheibrodos_barr_body, layout_cave_pools, trog_antimagical,
          st_stairs_9, sigmund_army, uniq_duvessa
D:6:      minmay_flawed_box, layout_rooms, serial_shops, shop_statue,
          chequers_ossuary_entry_cave

Skill      XL: |  1  2  3  4  5  6  7  8 |
---------------+-------------------------+-----
Armour         | 3 4 5 |  5.9
Unarmed Combat | 1 2 3 4 5 7 |  7.9
Fighting       | 4 5 |  5.2
Stealth        | 1 |  1.0
Dodging        | 1 2 |  2.8
Spellcasting   | 1 |  1.6
Long Blades    | |  1.8
Shields        | |  2.9

Action                   |  1- 3 |  4- 6 |  7- 9 || total
-------------------------+-------+-------+-------++-------
Melee: Long sword        |    20 |       |       ||    20
       Unarmed           |   106 |   178 |   216 ||   500
       Headbutt          |    19 |    34 |    57 ||   110
       Kick              |    11 |    58 |    77 ||   146
       Touch             |       |    12 |    35 ||    47
       Punch             |       |       |    14 ||    14
  Use: Potion            |       |     1 |     2 ||     3
       Scroll            |       |     6 |     5 ||    11
Armor: Plate armour      |    81 |    98 |   118 ||   297
       Scale mail        |     2 |       |       ||     2
Dodge: Dodged            |    23 |    28 |    63 ||   114
Block: Buckler           |    22 |    30 |       ||    52
